PL
ATLANTA SMOKE @ BOSTON PATRIOTS
09/02/2030
 
TOP OF THE 1ST
Atlanta Smoke batting - Pitching for Boston Patriots : RHP Lúcio Sánchez
Pitching: RHP Lúcio Sánchez
Batting: RHB Bobby Butterfield 0-0: Called Strike
0-1: Bunt for hit - play at first, batter OUT! 1-3
Batting: RHB Bartolo Morales 0-0: Ground out 6-3 (Groundball, 6)
Batting: LHB Yataro Kodo 0-0: Called Strike
0-1: Fly out, F7 (Flyball, 7S)
Top of the 1st over - 0 runs, 0 hits, 0 errors, 0 left on base; Atlanta 0 - Boston 0
BOTTOM OF THE 1ST
Boston Patriots batting - Pitching for Atlanta Smoke : RHP Fraser Cuevas
Pitching: RHP Fraser Cuevas
Batting: RHB Juan Tellado 0-0: Called Strike
0-1: Called Strike
0-2: Foul Ball, location: 2F
0-2: Ball
1-2: Ball
2-2: Strikes out swinging
Batting: RHB António Padilla 0-0: DOUBLE (Line Drive, 8RXD)
Batting: RHB Omer Yurtseven 0-0: Called Strike
0-1: Called Strike
0-2: Foul Ball, location: 2F
0-2: Ball
1-2: Ball
2-2: Ball
3-2: Base on Balls
Batting: LHB José Marín 0-0: Called Strike
0-1: Fly out, F7 (Flyball, 7D)
Batting: LHB Jorge Alejándrez 0-0: Ball
1-0: Ball
2-0: Ball
3-0: Called Strike
3-1: Foul Ball, location: 2F
3-2: Foul Ball, location: 2F
3-2: Fly out, F5 (Popup, 56)
Bottom of the 1st over - 0 runs, 1 hit, 0 errors, 2 left on base; Atlanta 0 - Boston 0
TOP OF THE 2ND
Atlanta Smoke batting - Pitching for Boston Patriots : RHP Lúcio Sánchez
Batting: RHB Gabriel Maldonado 0-0: Ball
1-0: Ball
2-0: Called Strike
2-1: Called Strike
2-2: Ball
3-2: Foul Ball, location: 2F
3-2: Base on Balls
Batting: RHB Sadakuno Taketo 0-0: Called Strike
0-1: SINGLE (Groundball, 56D)
Gabriel Maldonado to second
Batting: SHB Roku Hara 0-0: Fly out, F7 (Flyball, 7)
Batting: SHB Raúl Duarte 0-0: Fly out, F8 (Flyball, 8RD)
Batting: RHB Cosmo Bjorkenheim 0-0: Called Strike
0-1: Called Strike
0-2: Ground out 5-3 (Groundball, 56S)
Top of the 2nd over - 0 runs, 1 hit, 0 errors, 2 left on base; Atlanta 0 - Boston 0
BOTTOM OF THE 2ND
Boston Patriots batting - Pitching for Atlanta Smoke : RHP Fraser Cuevas
Batting: LHB Ramón Félix 0-0: Ball
1-0: Ball
2-0: Ground out 5-3 (Groundball, 56)
Batting: RHB Karl Schultz 0-0: Ball
1-0: Foul Ball, location: 2F
1-1: Ball
2-1: Fly out, F8 (Flyball, 78S)
Batting: RHB Terry Armstrong 0-0: Ball
1-0: SOLO HOME RUN (Flyball, 7LD), Distance : 357 ft
Batting: RHB Francisco Agámez 0-0: Ground out 5-3 (Groundball, 5L)
Bottom of the 2nd over - 1 run, 1 hit, 0 errors, 0 left on base; Atlanta 0 - Boston 1
TOP OF THE 3RD
Atlanta Smoke batting - Pitching for Boston Patriots : RHP Lúcio Sánchez
Batting: LHB Mike Pace 0-0: Fly out, F9 (Flyball, 89D)
Batting: RHB Bobby Butterfield 0-0: Ball
1-0: Swinging Strike
1-1: Ball
2-1: Foul Ball, location: 2F
2-2: Foul Ball, location: 2F
2-2: Foul Ball, location: 2F
2-2: Ball
3-2: Fly out, F7 (Line Drive, 78S)
Batting: RHB Bartolo Morales 0-0: Ball
1-0: Called Strike
1-1: SINGLE (Flyball, 78S)
Batting: LHB Yataro Kodo 0-0: Called Strike
0-1: Ball
1-1: Fly out, F8 (Flyball, 8RM)
Top of the 3rd over - 0 runs, 1 hit, 0 errors, 1 left on base; Atlanta 0 - Boston 1
BOTTOM OF THE 3RD
Boston Patriots batting - Pitching for Atlanta Smoke : RHP Armando Marrero
Pitching: RHP Armando Marrero
Batting: RHB Juan Tellado 0-0: Ball
1-0: Fly out, F7 (Line Drive, 7)
Batting: RHB António Padilla 0-0: Foul Ball, location: 2F
0-1: Called Strike
0-2: Strikes out swinging
Batting: RHB Omer Yurtseven 0-0: Swinging Strike
0-1: Swinging Strike
0-2: Strikes out looking
Bottom of the 3rd over - 0 runs, 0 hits, 0 errors, 0 left on base; Atlanta 0 - Boston 1
TOP OF THE 4TH
Atlanta Smoke batting - Pitching for Boston Patriots : RHP Lúcio Sánchez
Batting: RHB Gabriel Maldonado 0-0: Ball
1-0: SINGLE (Line Drive, 8RS)
Batting: RHB Sadakuno Taketo 0-0: Called Strike
0-1: Called Strike
0-2: Strikes out swinging
Batting: SHB Roku Hara 0-0: Called Strike
0-1: Ball
1-1: Foul Ball, location: 2F
1-2: Foul Ball, location: 2F
1-2: Grounds into double play, 6-4-3 (Groundball, 6M)
Top of the 4th over - 0 runs, 1 hit, 0 errors, 0 left on base; Atlanta 0 - Boston 1
BOTTOM OF THE 4TH
Boston Patriots batting - Pitching for Atlanta Smoke : RHP Armando Marrero
Batting: LHB José Marín 0-0: Called Strike
0-1: Ball
1-1: Ball
2-1: Ball
3-1: SINGLE (Flyball, 8RS)
Batting: LHB Jorge Alejándrez 0-0: Called Strike
0-1: Fly out, F5 (Line Drive, 56)
Batting: LHB Ramón Félix 0-0: Swinging Strike
0-1: Ball
1-1: Fly out, F8 (Flyball, 8RD)
Batting: RHB Karl Schultz 0-0: Foul Ball, location: 2F
0-1: Ball
1-1: Called Strike
1-2: Fielders Choice at 2nd, 6-4 (Groundball, 6)
Bottom of the 4th over - 0 runs, 1 hit, 0 errors, 1 left on base; Atlanta 0 - Boston 1
TOP OF THE 5TH
Atlanta Smoke batting - Pitching for Boston Patriots : RHP Lúcio Sánchez
Batting: SHB Raúl Duarte 0-0: Called Strike
0-1: Ball
1-1: Swinging Strike
1-2: Strikes out swinging
Batting: RHB Cosmo Bjorkenheim 0-0: SINGLE (Groundball, 56D)
Batting: LHB Mike Pace 0-0: Ball
1-0: Called Strike
1-1: Foul Ball, location: 2F
1-2: Foul Ball, location: 2F
1-2: Ground out 5-3 (Groundball, 56D)
Cosmo Bjorkenheim to second
Batting: RHB Bobby Butterfield 0-0: Ball
1-0: Ball
2-0: Ball
3-0: Called Strike
3-1: Called Strike
3-2: Fly out, F7 (Flyball, 7S)
Top of the 5th over - 0 runs, 1 hit, 0 errors, 1 left on base; Atlanta 0 - Boston 1
BOTTOM OF THE 5TH
Boston Patriots batting - Pitching for Atlanta Smoke : RHP Armando Marrero
Batting: RHB Terry Armstrong 0-0: Ball
1-0: Foul Ball, location: 2F
1-1: Ball
2-1: Foul Ball, location: 2F
2-2: Ball
3-2: Fly out, F9 (Flyball, 9S)
Batting: RHB Francisco Agámez 0-0: Ball
1-0: Swinging Strike
1-1: Ball
2-1: Ball
3-1: DOUBLE (Line Drive, 7D)
Batting: RHB Juan Tellado 0-0: Called Strike
0-1: Called Strike
0-2: SINGLE (Groundball, 56) (infield hit)
Francisco Agámez to third
Batting: RHB António Padilla 0-0: Ball
1-0: Fly out, F4 (Line Drive, 4M)
Lined into DP, 4-5 (Line Drive, 4M)
Bottom of the 5th over - 0 runs, 2 hits, 0 errors, 1 left on base; Atlanta 0 - Boston 1
TOP OF THE 6TH
Atlanta Smoke batting - Pitching for Boston Patriots : RHP Lúcio Sánchez
Batting: RHB Bartolo Morales 0-0: SINGLE (Line Drive, 8LS)
Pitching: RHP Hiro Kurasawa
Batting: LHB Yataro Kodo 0-0: Called Strike
0-1: Ball
1-1: Foul Ball, location: 2F
1-2: Ball
2-2: Foul Ball, location: 2F
2-2: Grounds into double play, 1-4-3 (Groundball, 15S)
Batting: RHB Gabriel Maldonado 0-0: Foul Ball, location: 2F
0-1: Foul Ball, location: 2F
0-2: Ball
1-2: Ball
2-2: Foul Ball, location: 2F
2-2: Foul Ball, location: 2F
2-2: Foul Ball, location: 2F
2-2: Strikes out swinging
Top of the 6th over - 0 runs, 1 hit, 0 errors, 0 left on base; Atlanta 0 - Boston 1
BOTTOM OF THE 6TH
Boston Patriots batting - Pitching for Atlanta Smoke : RHP Armando Marrero
Batting: RHB Omer Yurtseven 0-0: Swinging Strike
0-1: Ball
1-1: Foul Ball, location: 2F
1-2: Strikes out swinging
Batting: LHB José Marín 0-0: Foul Ball, location: 2F
0-1: Ball
1-1: Foul Ball, location: 2F
1-2: Ball
2-2: Fly out, F7 (Flyball, 78S)
Batting: LHB Jorge Alejándrez 0-0: Ball
1-0: Swinging Strike
1-1: TRIPLE (Flyball, 89XD)
Batting: LHB Ramón Félix 0-0: Ball
1-0: Ball
2-0: Swinging Strike
2-1: Foul Ball, location: 2F
2-2: Ball
3-2: Base on Balls
Pitching: RHP Domingo Velasco
Batting: RHB Karl Schultz 0-0: Ball
1-0: Ball
Wild Pitch!
Jorge Alejándrez scores
Ramón Félix to second
2-0: Called Strike
2-1: Ball
3-1: Foul Ball, location: 2F
3-2: Base on Balls
Batting: RHB Terry Armstrong 0-0: Ball
1-0: Fielders Choice at 2nd, 5-4 (Groundball, 56)
Bottom of the 6th over - 1 run, 1 hit, 0 errors, 2 left on base; Atlanta 0 - Boston 2
TOP OF THE 7TH
Atlanta Smoke batting - Pitching for Boston Patriots : RHP Hiro Kurasawa
Batting: RHB Sadakuno Taketo 0-0: Fly out, F9 (Line Drive, 9)
Batting: SHB Roku Hara 0-0: Ground out 5-3 (Groundball, 56)
Batting: SHB Raúl Duarte 0-0: Swinging Strike
0-1: DOUBLE (Flyball, 8LD)
Batting: RHB Cosmo Bjorkenheim 0-0: Ball
1-0: Ball
2-0: Ground out 6-3 (Groundball, 6M)
Top of the 7th over - 0 runs, 1 hit, 0 errors, 1 left on base; Atlanta 0 - Boston 2
BOTTOM OF THE 7TH
Boston Patriots batting - Pitching for Atlanta Smoke : RHP Domingo Velasco
Batting: RHB Francisco Agámez 0-0: Ball
1-0: Called Strike
1-1: Ball
2-1: SINGLE (Groundball, 6MD)
Batting: RHB Juan Tellado 0-0: Ball
1-0: Bunted foul
1-1: Sac Bunt - play at first, batter OUT! 2-4
Francisco Agámez to second
Batting: RHB António Padilla 0-0: Called Strike
0-1: Foul Ball, location: 2F
0-2: Ball
1-2: Ball
2-2: Foul Ball, location: 2F
2-2: Strikes out swinging
Batting: RHB Omer Yurtseven 0-0: Called Strike
0-1: Ball
Passed Ball!
Francisco Agámez to third
1-1: Ground out 5-3 (Groundball, 56S)
Bottom of the 7th over - 0 runs, 1 hit, 0 errors, 1 left on base; Atlanta 0 - Boston 2
TOP OF THE 8TH
Atlanta Smoke batting - Pitching for Boston Patriots : RHP Hiro Kurasawa
Batting: LHB Mike Pace 0-0: Ball
1-0: Ball
2-0: Foul Ball, location: 2F
2-1: Ground out 6-3 (Groundball, 6)
Batting: RHB Bobby Butterfield 0-0: Ball
1-0: Called Strike
1-1: Foul Ball, location: 2F
1-2: Fly out, F8 (Flyball, 8RM)
Batting: RHB Bartolo Morales 0-0: Ball
1-0: Ball
2-0: Ball
3-0: Called Strike
3-1: Ground out 5-3 (Groundball, 56)
Top of the 8th over - 0 runs, 0 hits, 0 errors, 0 left on base; Atlanta 0 - Boston 2
BOTTOM OF THE 8TH
Boston Patriots batting - Pitching for Atlanta Smoke : RHP Domingo Velasco
Pitching: RHP Miguel Aguilar
Batting: LHB José Marín 0-0: Called Strike
0-1: Called Strike
0-2: Strikes out swinging
Batting: LHB Jorge Alejándrez 0-0: Swinging Strike
0-1: Foul Ball, location: 2F
0-2: Foul Ball, location: 2F
0-2: Ball
1-2: Ball
2-2: SINGLE (Groundball, 6D)
Batting: LHB Ramón Félix 0-0: Fly out, F8 (Flyball, 89M)
Batting: RHB Karl Schultz 0-0: Called Strike
0-1: Ball
1-1: Called Strike
1-2: Ball
2-2: Ball
Passed Ball!
Jorge Alejándrez to second
3-2: Foul Ball, location: 2F
3-2: Foul Ball, location: 2F
3-2: Fly out, F8 (Flyball, 8LM)
Bottom of the 8th over - 0 runs, 1 hit, 0 errors, 1 left on base; Atlanta 0 - Boston 2
TOP OF THE 9TH
Atlanta Smoke batting - Pitching for Boston Patriots : RHP Hiro Kurasawa
Batting: LHB Yataro Kodo 0-0: Ground out 4-3 (Groundball, 34D)
Batting: RHB Gabriel Maldonado 0-0: SINGLE (Flyball, 7LS)
Batting: RHB Sadakuno Taketo 0-0: Ball
1-0: Swinging Strike
1-1: Grounds into double play, 6-4-3 (Groundball, 6M)
Top of the 9th over - 0 runs, 1 hit, 0 errors, 0 left on base; Atlanta 0 - Boston 2
Sunday, March 18th, 2018 - OOTP Baseball 18.8 Build 76